Map: New Repugnancy LE

Players

BuRning

  • Race: Terran Terran
  • League: Master
  • Spawn Location: 7:00

SunSet - Winner!

  • Race: Zerg Zerg
  • Spawn Location: 1:00

Event: 2019 WCS Spring

VOD

Have the link to the VOD?

Description

Time

  • Played on: May 17, 2019, 2:53 p.m.
  • Length: 8:00

All games in this series

Show
View Real Time Build Order
Export as new Build Order

BuRning Terran 

Build Orders:  

Get SALT Encoding   

  12  0:00  SCV  
  13  0:13  SCV  
  14  0:21  Supply Depot  
  14  0:25  SCV  
  15  0:43  Barracks  
  15  0:49  Refinery  
  15  0:59  SCV  
  15  1:02  Barracks  
  16  1:11  Refinery  
  16  1:13  SCV  
  17  1:25  SCV  
  18  1:30  Marine  
  19  1:37  Orbital Command  
  19  1:50  Reaper x2  
  21  2:02  Supply Depot  
  21  2:05  SCV  
  21  2:16  Factory  
  21  2:21  SCV  
  21  2:22  Reaper  
  23  2:33  SCV, Reaper  
  25  2:47  SCV  
  26  2:57  Reaper  
  27  3:01  Factory Tech Lab  
  27  3:06  Command Center  
  27  3:08  SCV  
  28  3:16  Supply Depot  
  28  3:21  SCV  
  29  3:28  Factory Reactor  
  29  3:32  Starport  
  29  3:33  SCV  
  30  3:45  SCV  
  30  3:46  Bunker  
  30  3:47  Bunker  
  30  3:57  SCV  
  31  4:04  Hellion  
  31  4:05  Hellion  
  34  4:29  Starport Tech Lab  
  29  4:37  Marine  
  30  4:44  SCV  
  30  4:46  Hellion  
  32  4:53  Orbital Command  
  26  5:11  Banshee  
  29  5:22  Marine x2  
  31  5:34  SCV  
  27  5:46  Factory Tech Lab  
  29  6:04  SCV  
  27  6:12  Orbital Command  
  19  6:31  SCV  
  13  6:38  SCV  
  13  6:43  SCV, Factory Tech Lab  
  14  6:50  SCV  
  14  6:57  Starport  
  14  6:59  Starport  
  14  7:02  SCV  
  14  7:03  Cyclone  
  17  7:18  SCV  
  15  7:37  Starport Tech Lab  
  11  7:48  Starport Tech Lab  
Show
View Real Time Build Order
Export as new Build Order

SunSet Zerg - Winner!

Build Orders: Pool First, Roach Nydus 

Get SALT Encoding   

  12  0:01  Drone  
  13  0:12  Overlord  
  13  0:16  Drone  
  14  0:31  Drone x2  
  16  0:41  Spawning Pool  
  15  0:45  Drone  
  15  0:49  Drone  
  17  1:10  Hatchery  
  16  1:14  Drone  
  16  1:18  Extractor  
  16  1:29  Zergling x6  
  19  1:37  Queen  
  21  1:46  Overlord  
  21  1:51  Drone  
  22  2:08  Drone  
  23  2:14  Drone  
  24  2:20  Lair  
  24  2:22  Drone  
  24  2:30  Zergling x2  
  24  2:31  Queen  
  24  2:35  Extractor  
  25  2:49  Roach Warren  
  24  2:57  Drone x2  
  25  3:22  Overlord  
  25  3:23  Nydus Network  
  24  3:30  Roach x2  
  28  3:35  Roach  
  28  3:37  Roach  
  32  3:46  Roach  
  31  3:56  Roach  
  31  3:59  Nydus Canal  
  31  4:00  Roach  
  35  4:06  Roach  
  37  4:10  Roach  
  39  4:18  Roach  
  39  4:21  Roach  
  41  4:34  Roach x2  
  41  4:35  Nydus Canal  
  43  4:54  Overlord  
  43  4:56  Zergling x2  
  42  5:07  Roach  
  42  5:09  Roach, Overlord  
  42  5:27  Roach x4  
  47  5:29  Ravager  
  48  5:36  Roach  
  50  5:43  Roach  
  50  5:47  Queen  
  54  5:55  Drone x2  
  52  6:05  Drone  
  52  6:06  Drone x2  
  52  6:07  Drone  
  54  6:15  Drone  
  50  6:19  Nydus Canal  
  48  6:29  Drone x3  
  49  6:33  Queen  
  49  6:39  Drone  
  50  6:40  Drone  
  51  6:47  Queen  
  51  7:08  Queen  
  53  7:20  Roach  
  55  7:23  Queen  
  55  7:26  Roach  
  57  7:30  Roach  
  57  7:33  Overlord  
  59  7:53  Spire  
  59  7:54  Extractor x2  
  59  7:56  Nydus Canal  
Tags
 
Add a new tag
Caveats
  • Supply blocks, unpowered buildings, or Contaminate may cause inaccurate times.
  • Supply counts are checked every 10 seconds.